PAAA
BATON ROUGE BRASS @ PLYMOUTH ROCKS
08/11/2042
 
TOP OF THE 1ST
Baton Rouge Brass batting - Pitching for Plymouth Rocks : RHP Sanford Shades
Pitching: RHP Sanford Shades
Batting: LHB Dave Summers 0-0: Ball
1-0: Ball
2-0: Foul Ball, location: 2F
2-1: Fly out, F7 (Flyball, 7D, EV 95.0 MPH)
Batting: RHB Nick Boyd 0-0: Ball
1-0: Ball
2-0: Called Strike
2-1: Ball
3-1: Base on Balls
Batting: LHB Weston Doyle 0-0: Fielders Choice at 2nd, 3-6 (Groundball, 34, EV 90.6 MPH)
Batting: SHB Charles Geudre 0-0: Ball
1-0: Ball
2-0: Ball
3-0: Fly out, F8 (Flyball, 8RM, EV 91.9 MPH)
Top of the 1st over - 0 runs, 0 hits, 0 errors, 1 left on base; Baton Rouge 0 - Plymouth 0
BOTTOM OF THE 1ST
Plymouth Rocks batting - Pitching for Baton Rouge Brass : RHP José Rodríguez
Pitching: RHP José Rodríguez
Batting: LHB You-liang Yang 0-0: Swinging Strike
0-1: SINGLE (Line Drive, 8LS, EV 94.4 MPH)
Batting: RHB Josip Primorac 0-0: Ball
1-0: Ball
2-0: 2-RUN HOME RUN (Line Drive, 9LD, EV 109.4 MPH), Distance : 356 ft
Batting: RHB Elias den Blick 0-0: Ball
1-0: Called Strike
1-1: Swinging Strike
1-2: Fly out, F4 (Line Drive, 4, EV 66.9 MPH)
Batting: LHB Rafael Martínez 0-0: Ball
1-0: Swinging Strike
1-1: Called Strike
1-2: Foul Ball, location: 2F
1-2: Ball
2-2: Strikes out swinging
Batting: RHB Jaime Burgos 0-0: Ball
1-0: Foul Ball, location: 2F
1-1: Foul Ball, location: 2F
1-2: Foul Ball, location: 2F
1-2: Ground out 4-3 (Groundball, 4S, EV 84.4 MPH)
Bottom of the 1st over - 2 runs, 2 hits, 0 errors, 0 left on base; Baton Rouge 0 - Plymouth 2
TOP OF THE 2ND
Baton Rouge Brass batting - Pitching for Plymouth Rocks : RHP Sanford Shades
Batting: LHB Stephen Goldobenko 0-0: SOLO HOME RUN (Flyball, 9D, EV 102.5 MPH), Distance : 386 ft
Batting: RHB Jamy Geertsen 0-0: Ball
1-0: Ball
2-0: Called Strike
2-1: Foul Ball, location: 2F
2-2: Strikes out looking
Batting: SHB Vicente Romero 0-0: Swinging Strike
0-1: Foul Ball, location: 2F
0-2: Ball
1-2: Ball
2-2: Fly out, F7 (Flyball, 7LS, EV 86.9 MPH)
Batting: RHB Travis Murphy 0-0: Ball
1-0: Ground out 6-3 (Groundball, 56D, EV 96.9 MPH)
Top of the 2nd over - 1 run, 1 hit, 0 errors, 0 left on base; Baton Rouge 1 - Plymouth 2
BOTTOM OF THE 2ND
Plymouth Rocks batting - Pitching for Baton Rouge Brass : RHP José Rodríguez
Batting: LHB Jesús Guillén 0-0: Foul Ball, location: 2F
0-1: Ball
1-1: Foul Ball, location: 2F
1-2: Ball
2-2: Ground out 6-3 (Groundball, 6, EV 85.6 MPH)
Batting: RHB Curt Taylor 0-0: Fly out, F7 (Flyball, 7, EV 86.2 MPH)
Batting: LHB Pedro Marrero 0-0: Foul Ball, location: 2F
0-1: Foul Ball, location: 2F
0-2: Ball
1-2: Ball
2-2: Strikes out swinging
Bottom of the 2nd over - 0 runs, 0 hits, 0 errors, 0 left on base; Baton Rouge 1 - Plymouth 2
TOP OF THE 3RD
Baton Rouge Brass batting - Pitching for Plymouth Rocks : RHP Sanford Shades
Batting: RHB Emery Nelson 0-0: Called Strike
0-1: Ball
1-1: Ball
2-1: Ground out 5-3 (Groundball, 56, EV 105.0 MPH)
Batting: LHB Dave Summers 0-0: Ball
1-0: Ball
2-0: Called Strike
2-1: Ball
3-1: Fly out, F8 (Flyball, 8RXD, EV 94.4 MPH)
Batting: RHB Nick Boyd 0-0: Ball
1-0: Foul Ball, location: 2F
1-1: Foul Ball, location: 2F
1-2: Foul Ball, location: 2F
1-2: Foul Ball, location: 2F
1-2: Ground out 4-3 (Groundball, 4, EV 84.4 MPH)
Top of the 3rd over - 0 runs, 0 hits, 0 errors, 0 left on base; Baton Rouge 1 - Plymouth 2
BOTTOM OF THE 3RD
Plymouth Rocks batting - Pitching for Baton Rouge Brass : RHP José Rodríguez
Batting: RHB António Avery 0-0: Ball
1-0: Ball
2-0: Foul Ball, location: 2F
2-1: Ball
3-1: Base on Balls
Batting: LHB You-liang Yang 0-0: Fielders Choice at 2nd, 4-6 (Groundball, 4, EV 109.4 MPH)
Batting: RHB Josip Primorac 0-0: Foul Ball, location: 2F
0-1: Ball
1-1: Called Strike
1-2: Grounds into double play, 6-4-3 (Groundball, 6, EV 102.5 MPH)
Bottom of the 3rd over - 0 runs, 0 hits, 0 errors, 0 left on base; Baton Rouge 1 - Plymouth 2
TOP OF THE 4TH
Baton Rouge Brass batting - Pitching for Plymouth Rocks : RHP Sanford Shades
Batting: LHB Weston Doyle 0-0: Ball
1-0: Called Strike
1-1: Ball
2-1: Fly out, F5 (Line Drive, 5, EV 69.4 MPH)
Batting: SHB Charles Geudre 0-0: Called Strike
0-1: Foul Ball, location: 2F
0-2: Fly out, F9 (Flyball, 9S, EV 94.4 MPH)
Batting: LHB Stephen Goldobenko 0-0: Called Strike
0-1: Ball
1-1: Swinging Strike
1-2: Strikes out swinging
Top of the 4th over - 0 runs, 0 hits, 0 errors, 0 left on base; Baton Rouge 1 - Plymouth 2
BOTTOM OF THE 4TH
Plymouth Rocks batting - Pitching for Baton Rouge Brass : RHP José Rodríguez
Batting: RHB Elias den Blick 0-0: Ball
1-0: Foul Ball, location: 2F
1-1: Foul Ball, location: 2F
1-2: Strikes out swinging
Batting: LHB Rafael Martínez 0-0: Ball
1-0: Called Strike
1-1: Swinging Strike
1-2: Ball
2-2: Foul Ball, location: 2F
2-2: Strikes out swinging
Batting: RHB Jaime Burgos 0-0: Ball
1-0: Fly out, F5 (Popup, 5, EV 70.0 MPH)
Bottom of the 4th over - 0 runs, 0 hits, 0 errors, 0 left on base; Baton Rouge 1 - Plymouth 2
TOP OF THE 5TH
Baton Rouge Brass batting - Pitching for Plymouth Rocks : RHP Sanford Shades
Batting: RHB Jamy Geertsen 0-0: Ball
1-0: Swinging Strike
1-1: Foul Ball, location: 2F
1-2: Strikes out swinging
Batting: SHB Vicente Romero 0-0: DOUBLE (Line Drive, 78XD, EV 105.6 MPH)
Batting: RHB Travis Murphy 0-0: Swinging Strike
0-1: Ball
1-1: Ball
2-1: Ball
3-1: Fly out, F7 (Line Drive, 7, EV 88.8 MPH)
Batting: RHB Emery Nelson 0-0: Foul Ball, location: 2F
0-1: Foul Ball, location: 2F
0-2: Ball
1-2: Foul Ball, location: 2F
1-2: Ball
2-2: Strikes out swinging
Top of the 5th over - 0 runs, 1 hit, 0 errors, 1 left on base; Baton Rouge 1 - Plymouth 2
BOTTOM OF THE 5TH
Plymouth Rocks batting - Pitching for Baton Rouge Brass : RHP José Rodríguez
Batting: LHB Jesús Guillén 0-0: Ball
1-0: Foul Ball, location: 2F
1-1: Ball
2-1: SOLO HOME RUN (Line Drive, 9D, EV 97.5 MPH), Distance : 395 ft
Batting: RHB Curt Taylor 0-0: Fly out, F8 (Flyball, 89M, EV 78.1 MPH)
Batting: LHB Pedro Marrero 0-0: Called Strike
0-1: Ground out 5-3 (Groundball, 5L, EV 98.8 MPH)
Batting: RHB António Avery 0-0: Ball
1-0: SINGLE (Groundball, 6D, EV 99.4 MPH)
Batting: LHB You-liang Yang 0-0: Called Strike
António Avery is caught stealing 2nd base 2-6
Bottom of the 5th over - 1 run, 2 hits, 0 errors, 0 left on base; Baton Rouge 1 - Plymouth 3
TOP OF THE 6TH
Baton Rouge Brass batting - Pitching for Plymouth Rocks : RHP Sanford Shades
Batting: LHB Dave Summers 0-0: Called Strike
0-1: Ball
1-1: Ball
2-1: Called Strike
2-2: DOUBLE (Line Drive, 5D, EV 98.8 MPH)
Batting: RHB Nick Boyd 0-0: Ground out 4-3 (Groundball, 4, EV 80.6 MPH)
Dave Summers to third
Batting: LHB Weston Doyle 0-0: Ball
1-0: Called Strike
1-1: Ball
2-1: SINGLE (Line Drive, 34D, EV 95.6 MPH)
Dave Summers scores
Batting: SHB Charles Geudre 0-0: Ball
1-0: Ball
2-0: Ball
3-0: Called Strike
3-1: Foul Ball, location: 2F
3-2: Ground out 6-3 (Groundball, 56D, EV 102.5 MPH)
Weston Doyle to second
Batting: LHB Stephen Goldobenko 0-0: Called Strike
0-1: Ball
1-1: Ground out 4-3 (Groundball, 4M, EV 86.9 MPH)
Top of the 6th over - 1 run, 2 hits, 0 errors, 1 left on base; Baton Rouge 2 - Plymouth 3
BOTTOM OF THE 6TH
Plymouth Rocks batting - Pitching for Baton Rouge Brass : RHP José Rodríguez
Batting: LHB You-liang Yang 0-0: Ball
1-0: Ball
2-0: Called Strike
2-1: Called Strike
2-2: Foul Ball, location: 2F
2-2: Ball
3-2: Foul Ball, location: 2F
3-2: SINGLE (Line Drive, 78S, EV 93.8 MPH)
Batting: RHB Josip Primorac 0-0: Ball
1-0: Fly out, F2 (Popup, 13S, EV 91.2 MPH)
Batting: RHB Elias den Blick 0-0: Ball
You-liang Yang steals 2nd base
1-0: SINGLE (Line Drive, 3D, EV 95.6 MPH)
You-liang Yang to third
Runner from 3rd tries for Home, SAFE, throw by RF to home
Batting: LHB Rafael Martínez 0-0: Called Strike
0-1: Ball
1-1: Swinging Strike
1-2: Strikes out looking
Batting: RHB Jaime Burgos 0-0: Foul Ball, location: 2F
0-1: Called Strike
0-2: Foul Ball, location: 2F
0-2: Ball
1-2: Ball
2-2: Strikes out swinging
Bottom of the 6th over - 1 run, 2 hits, 0 errors, 1 left on base; Baton Rouge 2 - Plymouth 4
TOP OF THE 7TH
Baton Rouge Brass batting - Pitching for Plymouth Rocks : RHP Sanford Shades
Batting: RHB Jamy Geertsen 0-0: Ball
1-0: Ball
2-0: Foul Ball, location: 2F
2-1: Foul Ball, location: 2F
2-2: Reached on error, E5 (Groundball, 56S, EV 83.8 MPH)
Batting: SHB Vicente Romero 0-0: Ball
1-0: Foul Ball, location: 2F
1-1: Called Strike
1-2: Fly out, F6 (Popup, 6, EV 55.0 MPH)
Batting: RHB Travis Murphy 0-0: Foul Ball, location: 2F
0-1: Ball
1-1: Ball
2-1: Fielders Choice at 2nd, 6-4 (Groundball, 6, EV 96.2 MPH)
Batting: RHB Emery Nelson 0-0: Ball
1-0: Ball
2-0: Called Strike
2-1: Ball
3-1: Called Strike
3-2: Fly out, F8 (Flyball, 89XD, EV 103.8 MPH)
Top of the 7th over - 0 runs, 0 hits, 1 error, 1 left on base; Baton Rouge 2 - Plymouth 4
BOTTOM OF THE 7TH
Plymouth Rocks batting - Pitching for Baton Rouge Brass : RHP José Rodríguez
Batting: LHB Jesús Guillén 0-0: Ball
1-0: Called Strike
1-1: Called Strike
1-2: Ball
2-2: Ball
3-2: Fly out, F7 (Line Drive, 78S, EV 95.0 MPH)
Batting: RHB Curt Taylor 0-0: Called Strike
0-1: Ball
1-1: SINGLE (Line Drive, 89M, EV 87.5 MPH)
Batting: LHB Pedro Marrero 0-0: Called Strike
Curt Taylor steals 2nd base
0-1: Foul Ball, location: 2F
0-2: Ball
1-2: Ball
2-2: Ball
3-2: Intentional Walk
Pitching: RHP Lee Tucker
Batting: RHB António Avery 0-0: Called Strike
0-1: TRIPLE (Flyball, 9D, EV 106.9 MPH)
Curt Taylor scores
Pedro Marrero scores
Batting: LHB You-liang Yang 0-0: Fly out, F2 (Popup, 2LF, EV 91.9 MPH)
Batting: RHB Josip Primorac 0-0: Ball
1-0: Foul Ball, location: 2F
1-1: Ground out 5-3 (Groundball, 56, EV 79.4 MPH)
Bottom of the 7th over - 2 runs, 2 hits, 0 errors, 1 left on base; Baton Rouge 2 - Plymouth 6
TOP OF THE 8TH
Baton Rouge Brass batting - Pitching for Plymouth Rocks : RHP Sanford Shades
Pitching: RHP Erik Jackson
Batting: LHB Dave Summers 0-0: Ball
1-0: Foul Ball, location: 2F
1-1: Foul Ball, location: 2F
1-2: Foul Ball, location: 2F
1-2: Ball
2-2: SINGLE (Groundball, 34D, EV 96.9 MPH)
Batting: RHB Nick Boyd 0-0: Called Strike
0-1: Ball
1-1: Swinging Strike
1-2: Foul Ball, location: 2F
1-2: Strikes out swinging
Batting: LHB Weston Doyle 0-0: Called Strike
0-1: Ball
1-1: Fly out, F6 (Popup, 56, EV 70.6 MPH)
Batting: SHB Charles Geudre 0-0: Ball
1-0: Called Strike
1-1: SINGLE (Line Drive, 7S, EV 93.8 MPH)
Dave Summers to second
Batting: LHB Stephen Goldobenko 0-0: Ball
1-0: Ball
2-0: Ball
3-0: Called Strike
3-1: Swinging Strike
3-2: Strikes out looking
Top of the 8th over - 0 runs, 2 hits, 0 errors, 2 left on base; Baton Rouge 2 - Plymouth 6
BOTTOM OF THE 8TH
Plymouth Rocks batting - Pitching for Baton Rouge Brass : RHP Lee Tucker
Batting: RHB Elias den Blick 0-0: Called Strike
0-1: SINGLE (Groundball, 6D, EV 93.8 MPH)
Batting: LHB Rafael Martínez 0-0: Foul Ball, location: 2F
0-1: Called Strike
0-2: Ball
1-2: Foul Ball, location: 2F
1-2: Fielders Choice at 2nd, 4-6 (Groundball, 34, EV 99.4 MPH)
Batting: RHB Jaime Burgos 0-0: Called Strike
0-1: Swinging Strike
0-2: Grounds into double play, 5-4-3 (Groundball, 5, EV 96.2 MPH)
Bottom of the 8th over - 0 runs, 1 hit, 0 errors, 0 left on base; Baton Rouge 2 - Plymouth 6
TOP OF THE 9TH
Baton Rouge Brass batting - Pitching for Plymouth Rocks : RHP Erik Jackson
Batting: RHB Jamy Geertsen 0-0: Ball
1-0: Ball
2-0: Ball
3-0: Base on Balls
Batting: SHB Vicente Romero 0-0: Ball
1-0: Ball
2-0: Called Strike
2-1: SINGLE (Line Drive, 34, EV 97.5 MPH)
Jamy Geertsen to second
Pitching: LHP Josh Brennan
Batting: RHB Travis Murphy 0-0: Fly out, F7 (Flyball, 7, EV 85.0 MPH)
Batting: RHB Emery Nelson 0-0: Foul Ball, location: 2F
0-1: Grounds into double play, 1-4-3 (Groundball, P, EV 88.8 MPH)
Top of the 9th over - 0 runs, 1 hit, 0 errors, 1 left on base; Baton Rouge 2 - Plymouth 6
Friday, March 26th, 2021 - OOTP Baseball 20.8 Build 74